 Dungeon Crawl Stone Soup version 0.20-a0-1000-g0e8f6bb (webtiles) character file.

299 HankScorpio the Cudgeler (level 6, 0/35 HPs)
             Began as a Gargoyle Gladiator on Apr 12, 2017.
             Slain by a black bear (3 damage)
             ... on level 4 of the Dungeon.
             The game lasted 00:04:00 (2517 turns).

HankScorpio the Cudgeler (Gargoyle Gladiator)       Turns: 2517, Time: 00:04:01

Health: 0/35       AC:  8    Str: 18    XL:     6   Next: 36%
Magic:  6/6        EV: 12    Int:  9    God:
Gold:   67         SH:  0    Dex: 12    Spells: 5/5 levels left

rFire    . . .     SeeInvis .   a - +0 flail
rCold    . . .     Gourm    .   (no shield)
rNeg     + . .     Faith    .   b - +0 leather armour
rPois    ∞         Spirit   .   c - +0 helmet
rElec    +         Reflect  .   (no cloak)
rCorr    .         Harm     .   (no gloves)
MR       .....                  (no boots)
Stlth    +.........             s - amulet of magic regeneration
Regen    0.2/turn               (no ring)
MPRegen  0.2/turn               (no ring)

@: no status effects
A: negative energy resistance 1, electricity resistance, unbreathing,
petrification resistance, rot immunity, AC +4
a: no special abilities


You were on level 4 of the Dungeon.
You were near starving.

You visited 1 branch of the dungeon, and saw 4 of its levels.
You also visited: Sewer.

You collected 67 gold pieces.

Inventory:

Hand Weapons
 a - a +0 flail (weapon)
Missiles
 d - 3 throwing nets (quivered)
Armour
 b - a +0 leather armour (worn)
 c - a +0 helmet (worn)
Jewellery
 s - an amulet of magic regeneration (around neck)
Scrolls
 h - a scroll of immolation {unknown}
 i - a scroll of teleportation {unknown}
 k - 3 scrolls of noise {unknown}
 n - 2 scrolls of enchant weapon {unknown}
 o - a scroll of enchant armour {unknown}
 p - 3 scrolls of remove curse {unknown}
 q - a scroll of identify {unknown}
 r - a scroll of fog {unknown}
 u - a scroll of fear {unknown}
Potions
 e - a potion of magic {unknown}
 g - 4 potions of brilliance {unknown}
 j - 3 potions of haste {unknown}
 l - 9 potions of curing {unknown}
 m - a potion of berserk rage {unknown}
 t - a potion of agility {unknown}
 v - 5 potions of heal wounds {unknown}
 w - a potion of might {unknown}
 x - 3 potions of flight {unknown}
Comestibles
 f - 2 bread rations
 z - a meat ration


   Skills:
 - Level 2.1 Fighting
 + Level 6.9 Maces & Flails
 - Level 1.7 Throwing
 - Level 2.4 Dodging


You had 5 spell levels left.
You didn't know any spells.

Dungeon Overview and Level Annotations

Branches:
Dungeon (4/15)
 Temple: D:4-7

Altars:
Dithmenos
Hepliaklqana


Innate Abilities, Weirdness & Mutations

You are resistant to torment.
Your stone body is resilient. (AC +4)
You are immune to poison.
You resist negative energy. (rN+)
You are resistant to electric shocks. (rElec)
You can survive without breathing.
You are immune to petrification.
You are immune to rotting.


Message History

You sock the jackal!
You kill the jackal!
You hit the black bear but do no damage.
The black bear is moderately wounded.
The black bear misses you. The black bear closely misses you. x2
You hit the black bear but do no damage.
The black bear is moderately wounded.
The black bear closely misses you. The black bear claws you.
* * * LOW HITPOINT WARNING * * *
The black bear claws you but does no damage.
You hit the black bear.
The black bear is moderately wounded.
The black bear bites you.
* * * LOW HITPOINT WARNING * * *
The black bear barely misses you.
The black bear claws you but does no damage.
You hit the black bear.
The black bear is moderately wounded.
The black bear bites you.
You die...

...............
.........S#
........h.### ##
........h...##§§##
.?.....###....≈§≈#
....... #...§≈§§§.
....... #..≈≈≈≈.≈#
####### #h#≈§≈≈≈##
#@###≈≈##
#.################
#.................
###.................
<....................
..........)...........
...........)...........
...........)...........
.......................


You could see a black bear.

Vanquished Creatures
  2 big kobolds (Sewer)
  An orc wizard (D:4)
  An iguana (D:4)
  3 adders
  A worm (D:2)
  8 leopard geckos
  2 orcs (D:4)
  2 giant cockroaches
  5 goblins
  6 hobgoblins
  6 jackals
  23 kobolds
  3 ball pythons
  11 bats
  3 frilled lizards
  6 rats
83 creatures vanquished.

Notes
Turn   | Place    | Note
-------+----------+-------------------------------------------
     0 | D:1      | HankScorpio the Gargoyle Gladiator began the quest for the Orb.
     0 | D:1      | Reached XP level 1. HP: 12/12 MP: 1/1
   163 | D:1      | Reached XP level 2. HP: 15/17 MP: 2/2
   332 | D:1      | Reached skill level 4 in Maces & Flails
   497 | D:1      | Reached XP level 3. HP: 21/21 MP: 3/3
  1344 | D:2      | Reached XP level 4. HP: 20/26 MP: 4/4
  1452 | D:2      | Found a hazy altar of Hepliaklqana.
  1667 | D:3      | Found a shadowy altar of Dithmenos.
  1707 | D:3      | Reached skill level 5 in Maces & Flails
  1739 | D:3      | Found a glowing drain.
  1770 | Sewer    | Entered a sewer
  1789 | Sewer    | Noticed a big kobold
  1800 | Sewer    | Killed a big kobold
  1800 | Sewer    | Reached XP level 5. HP: 27/30 MP: 5/5
  2043 | Sewer    | Noticed a big kobold
  2051 | Sewer    | Killed a big kobold
  2051 | Sewer    | Reached skill level 6 in Maces & Flails
  2052 | Sewer    | Reached XP level 6. HP: 29/35 MP: 6/6
  2481 | D:4      | Noticed a black bear
  2517 | D:4      | Slain by a black bear

Vault maps used:
D:1:      lightli_arrival_quake, serial_forest, infiniplex_forest_diagonal,
          infiniplex_forest_lined_corner, infiniplex_forest_lined_corner,
          infiniplex_forest_zigzag_1, infiniplex_forest_lined_3_way,
          infiniplex_forest_pool, infiniplex_forest_zigzag_1
D:2:      lemuel_doored_altar
D:3:      nicolae_dithmenos_shadow_blocks, gup_sewer_entry_pipe
D:4:      minmay_temple_entry_fiery
Sewer:    kennysheep_pipe_town

Skill      XL: |  1  2  3  4  5 |
---------------+----------------+-----
Maces & Flails | 4 5 6 |  6.9
Fighting       | |  2.1
Throwing       | |  1.7
Dodging        | |  2.4

Action                   |  1- 3 |  4- 6 || total
-------------------------+-------+-------++-------
Melee: Flail             |   148 |   151 ||   299
  Eat: Chunk             |     2 |     2 ||     4
Armor: Leather armour    |    78 |    83 ||   161
Dodge: Dodged            |   144 |   149 ||   293
